 Dungeon Crawl Stone Soup version 0.28.0-53-g5a82cb258f (webtiles) character file.

Game seed: 8769473766736152634

44 DocClef the Cutter (level 3, 0/19 HPs)
             Began as a Vine Stalker Fighter on July 6, 2022.
             Slain by a gnoll shaman
             ... wielding a +0 whip
              (7 damage)
             ... on level 3 of the Dungeon.
             The game lasted 00:01:40 (1595 turns).

DocClef the Cutter (Vine Stalker Fighter)           Turns: 1595, Time: 00:01:41

Health: 0/19       AC:  6    Str: 20    XL:     3   Next: 62%
Magic:  0/4        EV:  9    Int:  8    God:
Gold:   71         SH:  4    Dex: 13    Spells: 2/2 levels left

rFire   + . .      SeeInvis .   a - +0 rapier
rCold   . . .      Faith    .   c - +0 buckler
rNeg    . . .      Spirit   +   b - +0 scale mail
rPois   .          Reflect  .   (no helmet)
rElec   .          Harm     .   (no cloak)
rCorr   +          Rampage  .   (no gloves)
Will    .....                   (no boots)
Stlth   ..........              (no amulet)
HPRegen 0.06/turn               g - ring of resist corrosion
MPRegen 0.09/turn               j - ring of protection from fire

@: no status effects
A: fangs 2, magic shield, antimagic bite, no potion heal 2
a: no special abilities


You were on level 3 of the Dungeon.
You visited 1 branch of the dungeon, and saw 3 of its levels.

You collected 71 gold pieces.

Inventory:

Hand Weapons
 a - a +0 rapier (weapon)
Armour
 b - a +0 scale mail (worn)
 c - a +0 buckler (worn)
Jewellery
 g - a ring of resist corrosion (left hand)
 j - a ring of protection from fire (right hand)
Scrolls
 e - a scroll of amnesia {unknown}
 i - a scroll of summoning {unknown}
 k - a scroll of teleportation {unknown}
 l - a scroll of fog {unknown}
 m - a scroll of identify {unknown}
 n - a scroll of noise {unknown}
Potions
 d - a potion of might
 f - a potion of degeneration {unknown}
 h - a potion of attraction {unknown}


   Skills:
 - Level 2.6 Fighting
 + Level 3.5 Short Blades
 - Level 2.4 Armour
 - Level 2.6 Shields


You had 2 spell levels left.
You didn't know any spells.
Your spell library contained the following spells:

 Spells                   Type           Power      Damage    Failure   Level
 Tukima's Dance           Hex            0%         N/A       99%         3
 Anguish                  Hex/Necr       0%         N/A       100%        4
 Enfeeble                 Hex            0%         N/A       100%        7


Dungeon Overview and Level Annotations

Branches:
Dungeon (3/15)

Altars:
Trog


Innate Abilities, Weirdness & Mutations

You have extremely sharp teeth.
When hurt, damage is shared between your health and your magic reserves.
Your bite disrupts and absorbs the magic of your enemies.
Potions cannot restore your health.


Message History

A gnoll is wielding a +1 whip of electrocution.
The gnoll shaman shouts!
The gnoll hits you with a +0 club.
You puncture the gnoll!
The gnoll is heavily wounded.
The gnoll hits you but does no damage. The gnoll barely misses you.
You hit the gnoll. Your bite misses the gnoll.
The gnoll is almost dead.
The gnoll hits you but does no damage.
You hit the gnoll but do no damage. Your bite misses the gnoll.
The gnoll is almost dead.
The gnoll barely misses you.
You barely miss the gnoll.
The gnoll is almost dead.
You block the gnoll's attack.
You hit the gnoll.
You kill the gnoll!
You barely miss the gnoll. You bite the gnoll, but do no damage.
The gnoll hits you but does no damage. You block the gnoll's attack.
You hit the gnoll. Your bite misses the gnoll.
The gnoll is heavily wounded.
The gnoll hits you with a +0 flail.
You puncture the gnoll!
You kill the gnoll!
The giant cockroach waves its antennae.
You puncture the giant cockroach!
You kill the giant cockroach!
You barely miss the gnoll shaman. You bite the gnoll shaman.
You drain its power.
You feel invigorated.
The gnoll shaman is moderately wounded.
The gnoll shaman hits you with a +0 whip.
You hit the gnoll shaman but do no damage.
The gnoll shaman is moderately wounded.
The gnoll hits you from afar with a +0 spear!
The gnoll shaman barely misses you.
You barely miss the gnoll shaman.
The gnoll shaman is moderately wounded.
The gnoll hits you but does no damage.
The gnoll shaman hits you with a +0 whip!
You die...

.....## .#.... .....
#..... #.#.###..#
#+##...)....#
.........#..# #
.........#..# .#
.........#..# ..#
...........#########...##.
...........@gggg....g.....
..........##########......
..#.##+##.##########......
................).....B...
..#.##.##.....#####.#(.#..
.. .. #.....# #.#.. . #.#
#.....#####.#.. .
+.....#........
.##.....#.###.#


You could see a gnoll shaman and 3 gnolls.

Vanquished Creatures
  2 gnolls (D:3)
  A dart slug (D:2)
  2 ball pythons
  2 endoplasms
  4 giant cockroaches
  A hobgoblin (D:1)
  2 quokkas
  3 bats
  A frilled lizard (D:2)
  2 kobolds
  3 rats
23 creatures vanquished.

Notes
Turn   | Place    | Note
-------+----------+-------------------------------------------
     0 | D:1      | DocClef the Vine Stalker Fighter began the quest for the
                  | Orb.
     0 | D:1      | Reached XP level 1. HP: 11/11 MP: 2/2
   104 | D:1      | Reached skill level 2 in Short Blades
   442 | D:1      | Reached XP level 2. HP: 15/16 MP: 3/3
   511 | D:1      | Found a faded altar of an unknown god.
  1247 | D:2      | Reached skill level 3 in Short Blades
  1337 | D:2      | Found a bloodstained altar of Trog.
  1551 | D:3      | Reached XP level 3. HP: 18/19 MP: 4/4
  1595 | D:3      | Slain by a gnoll shaman

Illustrated notes

Levels and vault maps discovered:
D:1:      dpeg_arrival_three_same_balls, layout_rooms,
          hellmonk_ecumenical_altar_inner_sanctum
D:2:      layout_loops_ring, basic_altar
D:3:      layout_basic, nzn_hepliaklqana_mist_gate,
          mainiacjoe_overflow_alcove_1, corexii_corridor_pit,
          chequers_serial_rivers_micro_c

Skill      XL: |  1  2 |
---------------+-------+-----
Short Blades   | 2 3 |  3.5
Fighting       | |  2.6
Armour         | |  2.4
Shields        | |  2.6

Action                   || total
-------------------------++-------
Melee: Rapier            ||    68
       Bite              ||    17
Armor: Scale mail        ||    26
Dodge: Dodged            ||    27
Block: Buckler           ||    15
